 Dungeon Crawl Stone Soup version 0.21.0-3-g78d12a8 (webtiles) character file.

80 Television the Insei (level 3, -2/30 HPs)
             Began as a Demigod Transmuter on Jan 15, 2018.
             Slain by an ogre
             ... wielding a +0 giant club
              (16 damage)
             ... on level 3 of the Dungeon.
             The game lasted 00:05:34 (2823 turns).

Television the Insei (Demigod Transmuter)           Turns: 2823, Time: 00:05:34

Health: -2/30      AC:  2    Str: 13    XL:     3   Next: 98%
Magic:  8/8        EV: 12    Int: 19    God:
Gold:   59         SH:  4    Dex: 16    Spells: 2/5 levels left

rFire    . . .     SeeInvis .   m - +3 dagger (venom)
rCold    . . .     Gourm    .   k - +0 buckler
rNeg     . . .     Faith    .   b - +0 robe
rPois    .         Spirit   .   (no helmet)
rElec    .         Reflect  .   (no cloak)
rCorr    .         Harm     .   (no gloves)
MR       .....                  (no boots)
Stlth    +.........             (no amulet)
HPRegen  0.10/turn              (no ring)
MPRegen  0.11/turn              (no ring)

@: no status effects
A: high mp 1
a: no special abilities


You were on level 3 of the Dungeon.
You were not hungry.

You visited 1 branch of the dungeon, and saw 3 of its levels.

You collected 59 gold pieces.

Inventory:

Hand Weapons
 m - a +3 dagger of venom (weapon)
Missiles
 a - 12 arrows
Armour
 b - a +0 robe (worn)
 e - a +0 shield
 k - a +0 buckler (worn)
Wands
 r - a wand of random effects (27)
Scrolls
 f - 2 scrolls of amnesia
 n - a scroll of identify
 p - a scroll of fog
Potions
 g - a potion of haste {unknown}
 h - 2 potions of brilliance
 i - 3 potions of curing
 j - a potion of agility
 l - 2 potions of heal wounds
 o - a potion of might {unknown}
Books
 c - a book of Changes

   Spells                             Type                      Level
   a - Beastly Appendage              Transmutation                1
   b - Sticks to Snakes               Transmutation                2
   c - Spider Form                    Transmutation/Poison         3
   d - Ice Form                       Ice/Transmutation            4
   e - Blade Hands                    Transmutation                5
Comestibles
 d - 9 rations
 q - 10 chunks of flesh


   Skills:
 * Level 2.4 Fighting
 - Level 1.7 Dodging
 * Level 1.7 Shields
 - Level 3.1 Unarmed Combat
 - Level 1.7 Spellcasting
 - Level 2.1 Transmutations


You had 2 spell levels left.
You knew the following spells:

 Your Spells              Type           Power        Failure   Level  Hunger
a - Beastly Appendage     Tmut           #.....       10%         1    #......
b - Sticks to Snakes      Tmut           #.......     14%         2    ###....


Dungeon Overview and Level Annotations

Branches:
Dungeon (3/15)


Innate Abilities, Weirdness & Mutations

You have an increased reservoir of magic. (+10% MP)


Message History

You kill the bat!
The bat closely misses you. The bat completely misses you.
You barely miss the bat. The bat closely misses you.
The bat hits you but does no damage. x2
You hit the bat.
You kill the bat!
Evoke which item? (* to show all) (? for menu, Esc to quit)
Aiming: Random Effects
Press: ? - help, Shift-Dir - straight line, f - ogre
Aim: an ogre, wielding a giant club The ogre resists with significant effort.
You hit the ogre.
The ogre is poisoned.
The ogre is moderately wounded.
The ogre hits you with a giant club!
Ouch! That really hurt!
You barely miss the ogre.
The ogre is moderately wounded.
The ogre hits you with a giant club!
Ouch! That really hurt!
You die...

###########
#########.......@.#
..........#######O#
########### #.# #.#
#.# #†# #.# #.# #.#


You could see an ogre.

Vanquished Creatures
  2 adders (D:2)
  An ooze (D:2)
  3 dart slugs
  4 orcs (D:3)
  6 bats
  2 giant cockroaches (D:1)
  5 goblins
  8 hobgoblins
  5 frilled lizards
  7 kobolds
  3 rats
46 creatures vanquished.

Notes
Turn   | Place    | Note
-------+----------+-------------------------------------------
     0 | D:1      | Television the Demigod Transmuter began the quest for the Orb.
     0 | D:1      | Reached XP level 1. HP: 15/15 MP: 5/5
    53 | D:1      | Reached skill level 1 in Fighting
   386 | D:1      | Reached skill level 3 in Unarmed Combat
   792 | D:1      | Reached XP level 2. HP: 23/23 MP: 5/7
   796 | D:1      | Learned a level 2 spell: Sticks to Snakes
  2228 | D:2      | Reached XP level 3. HP: 29/29 MP: 8/8
  2457 | D:2      | Reached skill level 1 in Shields
  2697 | D:3      | Found a shimmering altar of Xom.
  2798 | D:3      | Noticed an ogre
  2823 | D:3      | Slain by an ogre

Skill      XL: |  1  2  3 |
---------------+----------+-----
Fighting       | 1 2 |  2.4
Unarmed Combat | 3 |  3.1
Transmutations | 2 |  2.1
Shields        | 1 |  1.7
Dodging        | |  1.7
Spellcasting   | |  1.7

Action                   || total
-------------------------++-------
Melee: Unarmed           ||    59
       Kick              ||     7
       Headbutt          ||     2
       Dagger            ||    98
 Cast: Beastly Appendage ||     4
Evoke: Wand              ||     1
  Use: Scroll            ||    10
 Stab: Sleeping          ||     3
  Eat: Chunk             ||     6
Armor: Robe              ||    34
Dodge: Dodged            ||    87
Block: Buckler           ||    13
